 Dungeon Crawl Stone Soup version 0.29-a0-231-g945431f764 (webtiles) character file.

Game seed: 4973792627236904496

25524 dunnowhatimdoing the Tortoise (level 12, -12/111 HPs)
             Began as a Minotaur Berserker on Feb 28, 2022.
             Was a High Priest of Trog.
             Killed from afar by a deep elf zephyrmancer (30 damage)
             ... with a bolt of lightning
             ... on level 1 of the Elven Halls on Mar 1, 2022.
             The game lasted 01:57:03 (18799 turns).

dunnowhatimdoing the Tortoise (Minotaur Berserker) Turns: 18799, Time: 01:57:04

Health: -12/111    AC: 26    Str: 31    XL:     12   Next: 90%
Magic:  11/11      EV: 11    Int:  4    God:    Trog [*****.]
Gold:   451        SH: 15    Dex: 12    Spells: 11/11 levels left

rFire   + . .      SeeInvis .   X - +2 morningstar (protect)
rCold   . . .      Faith    .   E - +0 tower shield
rNeg    . . .      Spirit   .   W - +5 plate armour {rF+}
rPois   .          Reflect  .   (helmet restricted)
rElec   .          Harm     .   (no cloak)
rCorr   .          Rampage  .   p - +1 pair of gloves
Will    .....                   B - +0 pair of boots
Stlth   ..........              (no amulet)
HPRegen 0.28/turn               t - +4 ring of evasion
MPRegen 0.12/turn               S - +6 ring of strength

@: on berserk cooldown, slowed, very slow
A: horns 2, retaliatory headbutt
a: Renounce Religion, Berserk, Trog's Hand, Brothers in Arms


You were on level 1 of the Elven Halls.
You worshipped Trog.
Trog was extremely pleased with you.
You visited 4 branches of the dungeon, and saw 13 of its levels.

You collected 953 gold pieces.
You spent 502 gold pieces at shops.

Inventory:

Hand Weapons
 a - a +1 battleaxe of freezing
 d - a +5 antimagic great mace
 G - a +0 vorpal dire flail
 R - a +2 vorpal flail
 T - a +3 mace of protection
 X - a +2 morningstar of protection (weapon)
Missiles
 P - a throwing net (quivered)
Armour
 b - a +0 animal skin
 e - an orb of light
 h - a +0 ring mail
 j - a +0 leather armour
 p - a +1 pair of gloves (worn)
 v - a +0 ring mail
 w - a scarf of shadows
 A - a +0 leather armour
 B - a +0 pair of boots (worn)
 E - a +0 tower shield (worn)
 K - a +0 chain mail
 U - a +0 troll leather armour
 W - a +5 plate armour of fire resistance (worn)
Jewellery
 t - a +4 ring of evasion (left hand)
 S - a +6 ring of strength (right hand)
 V - a +6 ring of intelligence
Wands
 F - a wand of paralysis (11)
 H - a wand of flame (21)
 O - a wand of polymorph (3)
Scrolls
 c - 3 scrolls of noise
 n - 5 scrolls of vulnerability
 x - a scroll of brand weapon
 y - 3 scrolls of silence
 z - 2 scrolls of magic mapping
 D - 3 scrolls of identify
Potions
 i - 7 potions of brilliance
 r - 2 potions of attraction
 u - a potion of ambrosia
 C - a potion of berserk rage
 M - 2 potions of haste


   Skills:
 + Level 11.6 Fighting
 + Level 15.5 Maces & Flails
 * Level 15.5 Armour
 - Level 4.1 Dodging
 - Level 1.6 Stealth
 + Level 8.6 Shields


You had 11 spell levels left.
You didn't know any spells.
Your spell library contained the following spells:

 Spells                   Type           Power      Damage    Failure   Level
 Animate Skeleton         Necr           0%         N/A       100%        1
 Apportation              Tloc           0%         N/A       100%        1
 Pain                     Necr           0%         1d4       100%        1
 Summon Small Mammal      Summ           0%         N/A       100%        1
 Vampiric Draining        Necr           0%         2d6       100%        3
 Petrify                  Tmut/Erth      0%         N/A       100%        4
 Summon Ice Beast         Ice/Summ       0%         N/A       100%        4
 Blade Hands              Tmut           0%         N/A       100%        5
 Irradiate                Conj/Tmut      0%         3d14      100%        5
 Metabolic Englaciation   Hex/Ice        0%         N/A       100%        5
 Summon Mana Viper        Hex/Summ       0%         N/A       100%        5
 Statue Form              Tmut/Erth      0%         N/A       100%        6
 Dragon Form              Tmut           0%         N/A       100%        7
 Monstrous Menagerie      Summ           0%         N/A       100%        7


Dungeon Overview and Level Annotations

Branches:
Dungeon (9/15)             Temple (1/1) D:6             Orc (2/2) D:9
    Elf (1/3) Orc:2
   Lair: D:8-11

Altars:
Ashenzari
Cheibriados
Dithmenos
Elyvilon
Fedhas
Gozag
Hepliaklqana
Kikubaaqudgha
Makhleb
Okawaru
Qazlal
Ru
Sif Muna
Trog
Uskayaw
Vehumet
Wu Jian
Xom
Yredelemnul
Zin
The Shining One
Beogh

Shops:
D:3 *   D:5 ?   Orc:2 [*!


Innate Abilities, Weirdness & Mutations

You have a pair of horns on your head.
You reflexively headbutt those who attack you in melee.


Message History

The deep elf knight gestures wildly while chanting.
The deep elf knight flickers and vanishes!
The fire elemental hits you. The fire elemental burns you! You resist.
The fire elemental hits you. The fire elemental burns you! You resist.
You impale the fire elemental!!
Your weapon exudes an aura of protection.
Your headbutt misses the fire elemental.
The fire elemental is severely damaged.
You block the fire elemental's attack.
You hit the fire elemental.
The fire elemental is severely damaged.
The fire elemental hits you. The fire elemental burns you! You resist.
You block the fire elemental's attack.
A deep elf zephyrmancer comes into view.
It is wielding a +0 dagger.
The deep elf zephyrmancer shouts!
You thump the fire elemental!
You destroy the fire elemental!
Trog accepts your kill. You block something's attack.
The deep elf zephyrmancer mumbles some strange words.
The deep elf zephyrmancer blinks!
Something hits you but does no damage. Something hits you!
The deep elf zephyrmancer points at you and mumbles some strange words.
The bolt of lightning hits something!!
The bolt of lightning hits you!
* * * LOW HITPOINT WARNING * * *
Something hits you but does no damage.
You hear some strange, mumbled words.
A shard of ice appears from out of thin air!
The shard of ice hits you.
* * * LOW HITPOINT WARNING * * *
You closely miss something.
You hear some strange, mumbled words.
A lance of force appears from out of thin air!
You block the lance of force. Something hits you.
* * * LOW HITPOINT WARNING * * *
You feel better. Something hits you but does no damage. Something hits you.
* * * LOW HITPOINT WARNING * * *
The deep elf zephyrmancer points at you and mumbles some strange words.
The bolt of lightning hits you!!
You die...

..#.. #. ..#..
#..#....(#...
#..#.....##.#
...........#
###...........
#.. ......ยง..
#.# #..e..#
#.####@###.....#
........{e...#
##############


You could see a deep elf zephyrmancer.

Vanquished Creatures
  2 orc warlords (Orc:2)
  Snorg (D:9)
  3 two-headed ogres
  4 orc high priests (Orc:2)
  2 deep elf knights (Elf:1)
  The ghost of bmj180 the Firebug, a novice HOFE of Vehumet (D:7)
  A deep elf archer (Elf:1)
  An orc knight (Orc:2)
  Pikel (D:6)
  4 orc sorcerers
  4 deep elf zephyrmancers (Elf:1)
  A gargoyle (D:9)
  3 trolls
  2 air elementals (Elf:1)
  A wyvern (D:9)
  Eustachio (D:5)
  A steam dragon (D:7)
  4 fire elementals (Elf:1)
  5 wargs
  Duvessa (D:6)
  2 water moccasins
  32 orc warriors
  12 ogres
  2 black bears
  4 phantoms
  5 centaurs
  3 kobold brigands
  Blork the orc (D:6)
  A bullfrog (D:9)
  3 scorpions
  2 necrophages
  5 wights (D:9)
  Dowan (D:6)
  16 killer bees
  2 electric eels (D:9)
  A howler monkey (D:9)
  3 hounds
  3 jellies
  4 gnoll shamans
  28 orc priests
  Jessica (D:2)
  5 iguanas
  26 orc wizards
  13 gnolls
  5 adders
  A white imp (D:8)
  An ufetubus (D:4)
  3 worms
  2 dart slugs (D:5)
  94 orcs
  6 bats
  3 endoplasms
  6 giant cockroaches
  14 goblins
  5 hobgoblins
  8 jackals
  4 quokkas
  9 ball pythons
  2 frilled lizards
  30 kobolds
  4 rats
415 creatures vanquished.

Vanquished Creatures (collateral kills)
  A deep elf zephyrmancer (Elf:1)
  A deep elf pyromancer (Elf:1)
2 creatures vanquished.

Vanquished Creatures (others)
  A deep elf knight (Elf:1)
  A hound (D:6)
2 creatures vanquished.

Grand Total: 419 creatures vanquished

Notes
Turn   | Place    | Note
-------+----------+-------------------------------------------
     0 | D:1      | dunnowhatimdoing the Minotaur Berserker began the quest for
                  | the Orb.
     0 | D:1      | Reached XP level 1. HP: 19/19 MP: 0/0
   257 | D:1      | Reached XP level 2. HP: 24/27 MP: 1/1
   594 | D:1      | Found a faded altar of an unknown god.
  1566 | D:2      | Reached ** piety under Trog
  1567 | D:2      | Reached XP level 3. HP: 33/33 MP: 2/2
  1914 | D:2      | Noticed Jessica
  1924 | D:2      | Killed Jessica
  1925 | D:2      | Reached XP level 4. HP: 41/41 MP: 3/3
  2442 | D:3      | Reached skill level 5 in Maces & Flails
  2465 | D:3      | Reached XP level 5. HP: 40/47 MP: 4/4
  2616 | D:3      | Found an ornate altar of the Wu Jian Council.
  2616 | D:3      | Found an opulent altar of Gozag.
  2890 | D:3      | Reached *** piety under Trog
  2891 | D:3      | Found a broken altar of Ashenzari.
  2946 | D:3      | Found Elimowke's General Store.
  3305 | D:4      | Noticed a phantom
  3320 | D:4      | Reached skill level 1 in Stealth
  3327 | D:4      | Killed a phantom
  3328 | D:4      | Reached skill level 5 in Fighting
  3328 | D:4      | Reached XP level 6. HP: 56/56 MP: 5/5
  3610 | D:4      | Reached XP level 7. HP: 6/61 MP: 6/6
  4257 | D:4      | Identified the +0 robe of Erhutaoxt {Harm}
  4411 | D:5      | Entered Level 5 of the Dungeon
  4696 | D:5      | Reached skill level 5 in Armour
  4863 | D:5      | Reached XP level 8. HP: 40/71 MP: 7/7
  5355 | D:5      | Found Foheij's Magic Scroll Boutique.
  5386 | D:5      | Reached **** piety under Trog
  5555 | D:5      | Bought 3 scrolls of identify for 90 gold pieces
  5555 | D:5      | Bought a scroll of enchant weapon for 112 gold pieces
  6404 | D:6      | Noticed Pikel
  6409 | D:6      | Noticed Duvessa
  6411 | D:6      | Killed Pikel
  6412 | D:6      | Reached XP level 9. HP: 79/79 MP: 8/8
  6412 | D:6      | Noticed Dowan
  6429 | D:6      | Killed Duvessa
  6434 | D:6      | Killed Dowan
  6646 | D:6      | Found a staircase to the Ecumenical Temple.
  6743 | D:6      | Reached skill level 10 in Maces & Flails
  6971 | D:6      | Noticed Eustachio
  7262 | D:5      | Killed Eustachio
  7274 | D:6      | Found a hazy altar of Hepliaklqana.
  7502 | D:6      | Noticed Blork the orc
  7515 | D:6      | Killed Blork the orc
  7698 | Temple   | Entered the Ecumenical Temple
  9036 | D:7      | Reached skill level 10 in Armour
  9098 | D:7      | Found a radiant altar of Vehumet.
  9117 | D:7      | Found a runed translucent gate.
  9118 | D:7      | Found a runed translucent gate.
  9119 | D:7      | Found a runed translucent gate.
  9120 | D:7      | Noticed bmj180's ghost (novice HOFE)
  9145 | D:7      | Killed bmj180's ghost
  9146 | D:7      | Reached XP level 10. HP: 86/90 MP: 9/9
  9281 | D:7      | Reached skill level 1 in Shields
 10112 | D:8      | Noticed a two-headed ogre
 10125 | D:8      | Killed a two-headed ogre
 10527 | D:8      | Reached ***** piety under Trog
 11081 | D:9      | Found a sacrificial altar of Ru.
 11084 | D:9      | Found a glowing golden altar of the Shining One.
 11848 | D:9      | Noticed a gargoyle
 11871 | D:9      | Killed a gargoyle
 12091 | D:9      | Found a staircase to the Orcish Mines.
 12452 | Orc:1    | Entered Level 1 of the Orcish Mines
 12462 | Orc:1    | Reached XP level 11. HP: 85/97 MP: 10/10
 12543 | Orc:1    | Noticed Snorg
 12564 | Orc:1    | HP: 2/97 [Snorg (5)]
 13046 | D:9      | Killed Snorg
 13273 | Orc:1    | Noticed an orc sorcerer
 13282 | Orc:1    | Killed an orc sorcerer
 13283 | Orc:1    | Reached skill level 5 in Shields
 13438 | Orc:2    | Entered Level 2 of the Orcish Mines
 13560 | Orc:2    | Noticed a two-headed ogre
 13570 | Orc:2    | Killed a two-headed ogre
 13900 | Orc:2    | Noticed a two-headed ogre
 13913 | Orc:2    | Killed a two-headed ogre
 14108 | Orc:2    | Reached skill level 10 in Fighting
 14265 | Orc:2    | Noticed an orc warlord
 14274 | Orc:2    | Killed an orc warlord
 14464 | Orc:2    | Noticed an orc warlord
 14467 | Orc:2    | Noticed an orc sorcerer
 14494 | Orc:2    | Paralysed by an orc sorcerer for 2 turns
 14931 | Orc:2    | Noticed an orc knight
 14932 | Orc:2    | Found Wapi's Armour Shop.
 14946 | Orc:2    | Killed an orc knight
 15301 | Orc:2    | Noticed a sun demon
 15303 | Orc:2    | Received a gift from Trog
 15821 | Orc:2    | Paralysed by an orc sorcerer for 5 turns
 15830 | Orc:2    | Killed an orc sorcerer
 16239 | Orc:2    | Noticed an orc high priest
 16240 | Orc:2    | Noticed a sun demon
 16263 | Orc:2    | Killed an orc high priest
 16264 | Orc:2    | Reached XP level 12. HP: 48/108 MP: 11/11
 16670 | Orc:2    | Found Sokhlope's Assorted Antiques.
 16678 | Orc:2    | Bought a scroll labelled PUTWET BEPTI for 27 gold pieces
 16678 | Orc:2    | Bought a runed morningstar for 189 gold pieces
 16701 | Orc:2    | Found Yffez's Distillery.
 16703 | Orc:2    | Noticed an orc high priest
 16724 | Orc:2    | Killed an orc high priest
 16752 | Orc:2    | Bought a potion of curing for 42 gold pieces
 16752 | Orc:2    | Bought a potion of curing for 42 gold pieces
 16795 | Orc:2    | Noticed an orc high priest
 16801 | Orc:2    | Killed an orc high priest
 16854 | Orc:2    | Noticed an orc high priest
 16870 | Orc:2    | Killed an orc high priest
 17012 | Orc:2    | Killed an orc warlord
 17140 | Orc:2    | Found a staircase to the Elven Halls.
 17320 | Elf:1    | Entered Level 1 of the Elven Halls
 17341 | Elf:1    | Reached skill level 15 in Maces & Flails
 17360 | Elf:1    | Reached skill level 15 in Armour
 18510 | Elf:1    | Received a gift from Trog
 18667 | Elf:1    | Paralysed by an air elemental for 1 turns
 18674 | Elf:1    | Paralysed by an air elemental for 1 turns
 18766 | Elf:1    | Paralysed by an air elemental for 1 turns
 18772 | Elf:1    | Paralysed by an air elemental for 1 turns
 18778 | Elf:1    | Paralysed by an air elemental for 1 turns
 18782 | Elf:1    | Paralysed by an air elemental for 1 turns
 18799 | Elf:1    | Killed from afar by a deep elf zephyrmancer

Illustrated notes

Levels and vault maps discovered:
D:1:      mrwooster_arrival_statue_2, layout_loops_ring,
          hellmonk_ecumenical_altar_zigzags
D:2:      layout_basic, kennysheep_doodads, kennysheep_jessica_study
D:3:      layout_loops_ring, marbit_many_paths, gammafunk_temple_overflow_pools,
          serial_shops, nicolae_shop_trees
D:4:      layout_rooms, minmay_unequal
D:5:      layout_loops_ring, serial_shops, nicolae_shop_hallway_plus,
          cheibrodos_gnoll_hut
D:6:      layout_cave_pools, nemelex_spade_bored_becter,
          mainiacjoe_overflow_alcove_4, minmay_temple_entry_wispy,
          minmay_strange_pillars, lemuel_flamethrower_2, uniq_pikel,
          uniq_eustachio, uniq_duvessa, uniq_blork_the_orc
D:7:      layout_loops_cross, overflow_temple_1_default,
          ebering_ghost_rock_garden, hex_tiny, nrook_loot_triangle,
          hangedman_decor_opposing
D:8:      layout_rooms, enter_bailey_3
D:9:      layout_rooms, nicolae_overflow_squiral, erik_orc_3,
          kennysheep_generic_room_5
Temple:   nicolae_temple_great_sept
Orc:1:    layout_caves, mines4_lemuel, uniq_fannar, uniq_snorg, uniq_erolcha
Orc:2:    pubby_orc_utopia
Elf:1:    layout_loops_ring, hangedman_corner_corridor, drop_trap

Skill      XL: |  1  2  3  4  5  6  7  8  9 10 11 12 |
---------------+-------------------------------------+-----
Maces & Flails | 4 5 6 7 9 11 12 14 15 | 15.5
Fighting       | 4 5 6 7 8 9 10 11 | 11.6
Armour         | 3 4 5 8 10 12 14 15 | 15.5
Dodging        | 3 4 |  4.1
Stealth        | 1 |  1.6
Shields        | 4 7 8 |  8.6

Action                   |  1- 3 |  4- 6 |  7- 9 | 10-12 || total
-------------------------+-------+-------+-------+-------++-------
Melee: Mace              |    76 |   104 |   275 |       ||   455
       Headbutt          |     5 |    18 |    55 |   121 ||   199
       Punch             |     1 |     1 |     3 |       ||     5
       Flail             |       |       |    38 |   531 ||   569
       Unarmed           |       |       |     2 |       ||     2
       Morningstar       |       |       |       |   171 ||   171
Throw: Dart              |       |       |     9 |       ||     9
       Stone             |       |       |    16 |     2 ||    18
Invok: Berserk           |     2 |     2 |     5 |    21 ||    30
       Brothers in Arms  |       |       |       |     1 ||     1
Evoke: Wand              |       |       |     7 |     3 ||    10
  Use: Potion            |       |       |     8 |    12 ||    20
       Scroll            |       |       |    11 |    12 ||    23
 Stab: Sleeping          |     1 |       |       |       ||     1
       Distracted        |       |     1 |       |       ||     1
Armor: Animal skin       |    10 |       |       |       ||    10
       Ring mail         |    16 |    32 |    47 |       ||    95
       Leather armour    |       |     9 |       |       ||     9
       Chain mail        |       |       |    79 |    94 ||   173
       Plate armour      |       |       |       |   229 ||   229
Dodge: Dodged            |    54 |    48 |   250 |   223 ||   575
Block: Tower shield      |       |       |    18 |   391 ||   409

Table legend: (Time is in decaauts)
 A = Elapsed time spent in this place.
 B = Non-inter-level travel time spent in this place.
 C = Inter-level travel time spent in this place.
 D = Time resting spent in this place.
 E = Time spent auto-exploring this place.
 F = Levels seen in this place.
 G = Mean time per level.
                   A        B        C        D        E       F      G
               +--------+--------+--------+--------+--------+-----+--------+
         Total |  19174 |  17570 |   1604 |   8888 |   5281 |  13 | 1474.9 |
       Dungeon |  13146 |  12194 |    952 |   5448 |   4467 |   9 | 1460.7 |
        Temple |    103 |     76 |     27 |      0 |     60 |   1 |  103.0 |
  Orcish Mines |   5308 |   4745 |    563 |   3125 |    704 |   2 | 2654.0 |
   Elven Halls |    616 |    555 |     61 |    314 |     49 |   1 |  616.0 |
               +--------+--------+--------+--------+--------+-----+--------+

Top non-repeatable levels by time:
   Orc:2: 4816 daAuts
     D:9: 2461 daAuts
     D:5: 2226 daAuts
     D:6: 1872 daAuts
     D:1: 1511 daAuts
     D:4: 1132 daAuts
     D:7: 1128 daAuts
     D:8: 980 daAuts
     D:2: 922 daAuts
     D:3: 910 daAuts
   Elf:1: 616 daAuts
   Orc:1: 492 daAuts
  Temple: 103 daAuts
